 Dungeon Crawl Stone Soup version 0.25-a0-265-g7af84ae0ac (webtiles) character file.

Game seed: 1270716909413669153, levelgen mode: classic

57813 Lavandula the Ripper (level 13, -5/63 HPs)
             Began as a Felid Warper on July 26, 2019.
             Was the Champion of Jiyva.
             Slain by a faun
             ... wielding a +0 quarterstaff
              (18 damage)
             ... on level 1 of the Shoals on Dec 8, 2019.
             The game lasted 02:24:06 (36921 turns).

Lavandula the Ripper (Felid Warper)                Turns: 36921, Time: 02:24:06

Health: -5/63      AC:  3    Str:  8    XL:     13   Next: 98%
Magic:  0/27       EV: 35    Int: 15    God:    Jiyva [******]
Gold:   189        SH:  0    Dex: 19    Spells: 0/27 levels left
                                        Lives:  0   Deaths: 4

rFire    . . .     SeeInvis +     - Unarmed
rCold    + . .     Gourm    .   (shield unavailable)
rNeg     . . .     Faith    .   (armour unavailable)
rPois    .         Spirit   +   (helmet unavailable)
rElec    .         Reflect  .   (cloak unavailable)
rCorr    +         Harm     .   (gloves unavailable)
MR       +....                  (boots unavailable)
Stlth    +++.......             s - amulet of guardian spirit
HPRegen  0.20/turn              T - +5 ring of slaying
MPRegen  0.20/turn              R - +3 ring of evasion

@: glowing, quick
A: very small, no armour, no weapons or thrown items, stealth, claws 1, fangs 3,
see invisible, carnivore, speed 1, high mp 1, shaggy fur 3, slow metabolism 1,
eyeballs 1, translucent skin 1, jelly absorbing missiles, MP-powered wands,
sharp paws
}: 1/15 runes: slimy
a: Request Jelly, Slimify, Cure Bad Mutation, Renounce Religion


You were on level 1 of the Shoals.
You worshipped Jiyva.
Jiyva was exalted by your worship.
You were completely stuffed.

You visited 7 branches of the dungeon, and saw 31 of its levels.
You also visited: Ossuary, Bailey, Gauntlet and Ice Cave.

You collected 2622 gold pieces.
You spent 2433 gold pieces at shops.

Inventory:

Jewellery
 d - the amulet "Tenuate" {Inacc rElec Str-3 Dex+5}
   (You found it on level 4 of the Dungeon)

   [amulet of inaccuracy]

   It reduces the accuracy of all your attacks.
   It affects your strength (-3).
   It affects your dexterity (+5).
   It insulates you from electricity.
 m - an uncursed ring of fire
 r - the ring "Goles" {rC- rN+ rCorr Dex+7}
   (You found it in a Gauntlet)

   [ring of resist corrosion]

   It affects your dexterity (+7).
   It makes you vulnerable to cold.
   It protects you from negative energy.
   It provides partial protection from all sources of acid and corrosion.
 s - an amulet of guardian spirit (around neck)
 C - a +5 amulet of reflection
 F - an uncursed ring of flight
 G - an uncursed ring of protection from magic {unknown}
 M - an uncursed ring of stealth
 Q - an uncursed amulet of the acrobat
 R - a +3 ring of evasion (right paw)
 S - an uncursed ring of poison resistance
 T - a +5 ring of slaying (left paw)
Wands
 a - a wand of disintegration (9)
 p - a wand of paralysis (18)
 y - a wand of random effects (45)
 D - a wand of flame (53)
 L - a wand of digging (8)
 O - a wand of iceblast (4)
 U - a wand of enslavement (10)
Scrolls
 b - 3 scrolls of blinking
 f - 2 scrolls of holy word
 h - 14 scrolls of remove curse
 k - 3 scrolls of magic mapping
 l - 15 scrolls of teleportation
 n - 3 scrolls of identify
 o - 2 scrolls of fog
 v - 6 scrolls of immolation
 E - 2 scrolls of amnesia
 J - a scroll of vulnerability
 N - 3 scrolls of fear
 P - a scroll of torment
Potions
 e - 2 potions of mutation
 g - 2 potions of lignification
 i - 10 potions of curing
 j - 3 potions of berserk rage
 q - a potion of heal wounds
 t - 3 potions of flight
 u - 2 potions of haste
 w - 4 potions of brilliance
 x - 2 potions of resistance
 z - 4 potions of magic
 A - 2 potions of agility
 B - a potion of cancellation
 V - 2 potions of invisibility
Miscellaneous
 H - a phial of floods
 I - a sack of spiders
 K - a box of beasts
Comestibles
 c - 46 rations
 W - a chunk of flesh


   Skills:
 + Level 11.0 Fighting
 - Level 14.4 Dodging
 - Level 12.2 Stealth
 - Level 16.3 Unarmed Combat
 - Level 7.5 Spellcasting
 - Level 4.0 Hexes
 - Level 3.8 Summonings
 - Level 4.4 Translocations
 - Level 6.0 Transmutations
 - Level 6.2 Air Magic
 - Level 4.1 Evocations


You couldn't memorise any spells.
You knew the following spells:

 Your Spells              Type           Power        Failure   Level  Hunger
a - Blink                 Tloc           N/A          3%          2    None
b - Shroud of Golubria    Chrm/Tloc      ##....       8%          2    None
c - Confusing Touch       Hex            ###...       2%          1    None
d - Confuse               Hex            ###.....     7%          3    ##.....
e - Call Canine Familiar  Summ           ###.....     8%          3    ##.....
f - Summon Lightning Spi  Summ/Air       ###.....     16%         4    ####...
g - Apportation           Tloc           ###...       1%          1    None
h - Animate Skeleton      Necr           N/A          13%         1    None
i - Airstrike             Air            ###.......   10%         4    ####...
j - Blade Hands           Tmut           ###.......   30%         5    #####..
k - Summon Butterflies    Summ           ###.....     2%          1    None

Your spell library contained the following spells:

 Spells                   Type           Power        Failure   Level  Hunger
 Beastly Appendage        Tmut           ###...       1%          1    None
 Sticks to Snakes         Tmut           ###.....     1%          2    None
 Summon Small Mammal      Summ           ###.         2%          1    None
 Shock                    Conj/Air       ###.         3%          1    None
 Sting                    Tmut/Pois      ##..         3%          1    None
 Call Imp                 Summ           ###.....     4%          2    None
 Passwall                 Tmut/Erth      ##......     5%          2    None
 Swiftness                Chrm/Air       ###.....     5%          2    None
 Gell's Gravitas          Tloc           ###.......   6%          3    ##.....
 Lesser Beckoning         Tloc           ###.......   6%          3    ##.....
 Teleport Other           Tloc           ###.....     6%          3    ##.....
 Tukima's Dance           Hex            ###.....     7%          3    ##.....
 Summon Guardian Golem    Hex/Summ       ###.....     8%          3    ##.....
 Spider Form              Tmut/Pois      ##........   11%         3    ##.....
 Static Discharge         Conj/Air       ###.....     11%         3    ##.....
 Freeze                   Ice            #...         13%         1    None
 Sandblast                Erth           #.....       13%         1    None
 Ignite Poison            Fire/Tmut/Pois ##......     17%         3    ##.....
 Passage of Golubria      Tloc           N/A          21%         4    ####...
 Stone Arrow              Conj/Erth      #.....       36%         3    ##.....
 Ice Form                 Ice/Tmut       ##......     36%         4    ####...
 Petrify                  Tmut/Erth      ##......     36%         4    ####...
 Yara's Violent Unravell  Hex/Tmut       ###.......   41%         5    #####..
 Summon Ice Beast         Ice/Summ       ##......     50%         4    ####...
 Lightning Bolt           Conj/Air       ###.......   67%         5    #####..
 Alistair's Intoxication  Tmut/Pois      ##......     71%         5    #####..
 Hailstorm                Conj/Ice       #.......     77%         4    ####...
 Metabolic Englaciation   Hex/Ice        ##........   83%         5    #####..
 Fireball                 Conj/Fire      #.........   98%         5    #####..
 Lee's Rapid Deconstruct  Erth           #.........   98%         5    #####..
 Invisibility             Hex            ###.....     98%         6    #######
 Starburst                Conj/Fire      #.........   100%        6    #######
 Haunt                    Necr/Summ      ##........   100%        7    #######
 Ring of Flames           Chrm/Fire      #.........   100%        7    #######
 Borgnjor's Revivificati  Necr           #.........   100%        8    #######
 Death's Door             Chrm/Necr      #.........   100%        8    #######
 Ignition                 Fire           #.........   100%        8    #######
 Infestation              Necr           #.........   100%        8    #######
 Necromutation            Tmut/Necr      ##........   100%        8    #######


Dungeon Overview and Level Annotations

Branches:
Dungeon (14/15)            Temple (1/1) D:4            Lair (6/6) D:11
 Shoals (1/4) Lair:2        Snake (2/4) Lair:4        Slime (5/5) Lair:5
    Orc (2/2) D:10            Elf (0/3) Orc:2        Vaults (0/5) D:14
  IceCv (visited)

Altars:
Ashenzari
Cheibriados
Dithmenos
Elyvilon
Fedhas
Gozag
Hepliaklqana
Kikubaaqudgha
Makhleb
Nemelex Xobeh
Okawaru
Qazlal
Ru
Sif Muna
Trog
Uskayaw
Vehumet
Wu Jian
Xom
Yredelemnul
Zin
The Shining One
Beogh
Jiyva

Shops:
D:11 *   D:12 *   D:13 [   Orc:2 ?%%*:%   Snake:1 ***([

Annotations:
D:8 exclusion: door
D:9 Gastronok, Grum
Lair:2 exclusion: oklob plant
Lair:6 1 runed translucent door, exclusion: oklob plant, Borgoz's ghost, journeyman GrFi
Slime:3 Dissolution
Slime:5 Royal Jelly
Orc:1 1 runed translucent door, Raoxzot's ghost, journeyman DsBe


Innate Abilities, Weirdness & Mutations

You cannot wear armour.
You are incapable of wielding weapons or throwing items.
Your paws allow you to move quietly. (Stealth)
You have sharp claws.
You have razor-sharp teeth.
You have supernaturally acute eyesight. (SInv)
You are carnivorous and can eat meat at any time.
You cover ground quickly.
Your thick and shaggy fur keeps you warm. (AC +3, rC+)
You have a slow metabolism.
Your sharp claws are effective at attacking unaware monsters.
You have an increased reservoir of magic. (+10% MP)
Your body has grown golden eyes which may confuse attackers. (Acc +3)
Your translucent skin slightly reduces your foes' accuracy. (Stealth)
You have a small jelly attached to you that may absorb incoming projectiles.
You expend magic power (3 MP) to strengthen your wands.


Message History

Unknown command.
Evoke which item? (* to show all) (? for menu, Esc to quit)
Aiming: Iceblast
Press: ? - help, Shift-Dir - straight line, f/p - faun
Aim: a faun, wielding a +0 hunting sling (moderately wounded)
You feel a surge of power!
The mass of ice explodes!
The iceblast engulfs the faun!
The faun is heavily wounded.
The iceblast engulfs the faun!
The faun is heavily wounded.
The iceblast engulfs the faun!
The faun is almost dead.
Your lightning spire shoots out a bolt of lightning at the faun!
The bolt of electricity misses the faun.
The faun shoots a stone.
The stone completely misses you.
The faun shoots a sling bullet.
The sling bullet hits you!!
* * * LOW HITPOINT WARNING * * *
You shudder from the blast and a jelly pops out!
The faun hits you with a +0 quarterstaff!!
You die...

≈≈≈≈≈≈≈≈≈≈≈≈≈≈≈≈≈≈≈≈≈≈≈≈≈≈≈≈≈≈≈..
≈≈≈≈≈≈≈≈≈≈≈≈≈..≈≈≈≈≈≈≈≈≈≈≈≈≈≈≈≈≈≈
≈≈≈≈≈≈≈≈≈,,,,,..≈≈≈≈≈≈≈≈≈≈≈≈≈≈≈≈≈
≈≈≈≈≈≈≈≈≈,,,**#...≈≈≈≈≈≈≈≈≈≈≈≈≈≈≈
≈≈≈≈≈≈≈≈≈,*** #.(..≈≈≈≈≈≈≈≈≈≈≈≈≈≈
,≈≈≈≈≈≈≈,,* #..≈≈§≈≈≈≈≈≈≈≈≈≈≈≈≈
,>≈≈≈≈≈≈≈,* #cc)(§≈≈≈≈≈≈≈≈≈≈≈≈≈
,≈≈≈≈≈≈≈≈,** #c(§J§§≈≈≈≈≈≈≈≈≈≈..
≈≈≈≈≈≈≈≈≈,,****#@§8§§§≈≈≈≈≈≈≈≈...
..≈≈≈≈PP≈....# ###J§§≈≈≈≈≈≈≈≈≈.##
#.≈≈≈≈≈≈≈≈≈≈.### #J§§≈≈≈≈≈≈≈.8.#
..≈≈≈≈≈≈≈≈≈≈.#.###§§§.≈≈≈≈≈≈≈..##
..≈..≈..≈≈≈.........§..≈≈≈≈≈≈≈≈≈.
#......≈≈≈≈≈≈≈≈≈...###.≈≈≈≈≈≈≈≈≈.
........≈≈≈≈≈≈≈≈...###..≈≈≈≈≈....
..≈.....≈.≈≈≈≈≈...##.....≈>.≈≈...
.≈........≈≈......###......≈.....


You could see 3 fauns, 2 friendly azure jellies and a friendly lightning spire.

Vanquished Creatures
  An Ice Fiend (IceCv)
  Frances (D:13)
  A stone giant (Orc:1)
  A minotaur (Gauntlet)
  Josephine (D:13)
  Harold (D:8)
  4 hydras
  A rakshasa (D:13)
  3 centaur warriors
  2 naga warriors
  A death knight (D:13)
  An anaconda (Snake:1)
  2 two-headed ogres
  2 dancing weapons (D:14)
  2 death yaks
  3 orc high priests
  A sea snake (Shoals:1)
  4 unseen horrors
  3 skeletal warriors
  A swamp dragon (Lair:6)
  4 harpies (Shoals:1)
  An orc knight (Orc:2)
  A deep elf mage (D:12)
  5 ugly things
  3 cyclopes
  6 manticores (Shoals:1)
  An orc sorcerer (Orc:2)
  6 elephants
  2 ice statues (IceCv)
  2 merfolk sirens
  A torpor snail (Lair:4)
  4 black mambas
  Joseph (D:9)
  8 spiny frogs
  A komodo dragon (Lair:3)
  A rime drake (Lair:5)
  A tengu conjurer (D:14)
  An efreet (D:13)
  A golden dragon simulacrum (IceCv)
  3 anaconda simulacra (IceCv)
  6 ice devils (IceCv)
  3 merfolk
  A polar bear (Lair:2)
  7 trolls
  3 wind drakes (Shoals:1)
  Prince Ribbit (D:8)
  4 slime creatures
  3 hornets
  29 blink frogs
  2 snapping turtles (Shoals:1)
  9 hippogriffs
  A vampire (D:13)
  3 wyverns
  A shadow (D:8)
  6 wraiths
  2 water elementals (D:11)
  36 yaks
  3 basilisks
  A neqoxec (Gauntlet)
  4 hungry ghosts
  2 chaos spawn (Gauntlet)
  An acid dragon (D:12)
  2 wargs (Orc:2)
  6 nagas
  A hydra simulacrum (IceCv)
  7 water moccasins
  12 orc warriors
  6 porcupines
  2 swamp drakes
  A black bear (D:8)
  5 sky beasts
  An ettin simulacrum (IceCv)
  4 phantoms
  3 ice beasts
  11 centaurs
  A necrophage (D:5)
  An eye of draining (D:13)
  6 wolves
  11 ogres
  11 crocodiles
  5 big kobolds
  12 bullfrogs
  4 scorpions
  9 wights
  34 killer bees
  5 howler monkeys
  12 electric eels
  6 crimson imps
  6 bullfrog zombies
  2 centaur zombies
  8 jellies
  8 hounds
  2 bullfrog skeletons
  8 centaur skeletons
  22 orc priests
  2 iguanas
  8 orc wizards
  6 worker ants
  2 killer bee zombies
  2 hound zombies
  A hound skeleton (D:11)
  17 mummies (Ossuary)
  A howler monkey zombie (Ossuary)
  2 worker ant zombies (Ossuary)
  A howler monkey skeleton (D:6)
  9 adders
  8 gnolls
  2 shadow imps (D:11)
  An ooze (D:1)
  An adder zombie (Ossuary)
  2 adder skeletons
  4 worms
  3 dart slugs
  3 leopard geckos
  39 orcs
  4 bats
  6 giant cockroaches
  13 goblins
  11 hobgoblins
  6 jackals
  52 kobolds
  3 quokkas
  4 frilled lizards
  A jackal skeleton (D:4)
  A jackal zombie (Ossuary)
  A leopard gecko skeleton (D:6)
  A leopard gecko zombie (Ossuary)
  2 quokka skeletons
  2 quokka zombies (Ossuary)
  6 rats
678 creatures vanquished.

Vanquished Creatures (collateral kills)
  A fire dragon (Lair:6)
  3 orc high priests (Orc:2)
  A skeletal warrior (D:11)
  A sea snake (Shoals:1)
  2 orc sorcerers (Orc:2)
  8 elephants (Lair:6)
  2 cyclopes
  A merfolk siren (Shoals:1)
  A torpor snail (Lair:6)
  A black mamba (Lair:5)
  A spiny frog (Lair:1)
  2 rime drakes (Lair:6)
  2 komodo dragons (Lair:6)
  A golden dragon simulacrum (IceCv)
  3 ice devils (IceCv)
  A merfolk (Shoals:1)
  A troll (Orc:2)
  2 blink frogs (Lair:2)
  2 hippogriffs
  6 yaks (Lair:6)
  A steam dragon (Lair:6)
  A harpy simulacrum (IceCv)
  2 wargs (Orc:2)
  A naga (Snake:1)
  A hydra simulacrum (IceCv)
  A porcupine (Lair:5)
  3 orc warriors
  A swamp drake (Lair:6)
  An ogre (Orc:1)
  An ettin simulacrum (IceCv)
  2 wolves (Lair:1)
  4 crocodiles
  5 killer bees
  13 orc priests (Orc:2)
  A worker ant (D:9)
  14 orcs (Orc:2)
  A fungus (Lair:2)
  2 plants (Lair:6)
97 creatures vanquished.

Vanquished Creatures (others)
  A merfolk (Shoals:1)
  A water moccasin (Lair:6)
  A swamp drake (Lair:6)
  A centaur (D:11)
  A killer bee (D:7)
  42 jellies
  An orc priest (Orc:2)
  9 orcs (Orc:2)
  A kobold (Bailey)
  4 bushes (D:10)
  18 demonic plants (Gauntlet)
  9 fungi
  15 plants
  3 withered plants
107 creatures vanquished.

Grand Total: 882 creatures vanquished

Notes
Turn   | Place    | Note
-------+----------+-------------------------------------------
     0 | D:1      | Lavandula the Felid Warper began the quest for the Orb.
     0 | D:1      | Reached XP level 1. HP: 9/9 MP: 4/4
   176 | D:1      | Reached XP level 2. HP: 13/13 MP: 6/6
   281 | D:1      | Reached skill level 3 in Unarmed Combat
  1235 | D:2      | Reached XP level 3. HP: 16/16 MP: 7/7
  1242 | D:2      | Learned a level 2 spell: Blink
  1245 | D:2      | Learned a level 2 spell: Shroud of Golubria
  1939 | D:2      | Reached skill level 4 in Unarmed Combat
  2146 | D:3      | Reached XP level 4. HP: 19/19 MP: 6/8
  2778 | D:4      | Reached skill level 5 in Unarmed Combat
  2778 | D:4      | Reached XP level 5. HP: 3/22 MP: 7/9
  2818 | D:4      | Found a staircase to the Ecumenical Temple.
  2848 | Temple   | Entered the Ecumenical Temple
  2929 | D:4      | Noticed a phantom
  3063 | D:4      | Got a sparkling iron amulet
  3084 | D:4      | Noticed an ogre
  3395 | D:4      | Killed a phantom
  3395 | D:4      | Reached skill level 6 in Unarmed Combat
  3406 | D:4      | Learned a level 1 spell: Confusing Touch
  3458 | D:4      | Reached skill level 1 in Hexes
  3504 | D:4      | Gained mutation: You are covered in thick fur. (AC +2)
                  | [Felid growth]
  3504 | D:4      | Reached XP level 6. HP: 26/26 MP: 10/10
  3600 | D:4      | Learned a level 3 spell: Confuse
  3767 | D:5      | Entered Level 5 of the Dungeon
  3979 | D:5      | Identified the amulet "Tenuate" {Inacc rElec Str-3 Dex+5}
                  | (You found it on level 4 of the Dungeon)
  4018 | D:5      | Noticed a sky beast
  4258 | D:5      | Noticed a water moccasin
  4270 | D:5      | Killed a water moccasin
  4270 | D:5      | Reached skill level 7 in Unarmed Combat
  4270 | D:5      | Reached XP level 7. HP: 28/29 MP: 8/11
  4390 | D:5      | Reached skill level 1 in Stealth
  5362 | D:6      | Found a sand-covered staircase.
  5379 | Ossuary  | Entered an ossuary
  5438 | Ossuary  | Reached XP level 8. HP: 30/33 MP: 12/12
  5454 | Ossuary  | Reached skill level 8 in Unarmed Combat
  5664 | Ossuary  | Reached skill level 9 in Unarmed Combat
  6095 | D:6      | Reached skill level 10 in Unarmed Combat
  6138 | D:6      | Reached skill level 5 in Dodging
  6727 | D:6      | Reached XP level 9. HP: 31/37 MP: 8/13
  7363 | D:8      | Noticed Prince Ribbit
  7372 | D:8      | Killed Prince Ribbit
  7390 | D:8      | Reached skill level 11 in Unarmed Combat
  7451 | D:8      | Noticed Harold
  7575 | D:8      | Learned a level 3 spell: Call Canine Familiar
  7790 | D:8      | Found a white marble altar of Elyvilon.
  7806 | D:8      | Reached skill level 1 in Summonings
  8088 | D:9      | Noticed Joseph
  8093 | D:9      | Killed Joseph
  8093 | D:9      | Reached XP level 10. HP: 27/41 MP: 8/16
  8284 | D:9      | Noticed Grum
  8392 | D:9      | Learned a level 4 spell: Summon Lightning Spire
  8419 | D:9      | Noticed a two-headed ogre
  8429 | D:9      | Killed a two-headed ogre
  8439 | D:9      | Reached skill level 5 in Spellcasting
  8960 | D:9      | Reached skill level 12 in Unarmed Combat
  9160 | D:9      | Noticed Gastronok
 10354 | D:10     | Entered Level 10 of the Dungeon
 10705 | D:10     | Found a blossoming altar of Fedhas.
 10802 | D:10     | Reached skill level 5 in Stealth
 11173 | D:10     | Reached XP level 11. HP: 35/45 MP: 17/19
 11247 | D:10     | Found a staircase to the Orcish Mines.
 11503 | D:11     | Noticed a skeletal warrior
 11503 | D:11     | Noticed a skeletal warrior
 11503 | D:11     | Noticed a skeletal warrior
 11760 | D:11     | Noticed a green ugly thing
 11765 | D:11     | Found Jonoenk's Mayhem Merchandise.
 11767 | D:11     | Killed a green ugly thing
 12511 | D:8      | Killed Harold
 12898 | D:11     | Noticed a skeletal warrior
 12898 | D:11     | Noticed a skeletal warrior
 13251 | D:10     | HP: 2/46 [poisoned by a worker ant]
 13259 | D:10     | HP: 2/46 [poisoned by a worker ant]
 13576 | D:10     | Mangled by a skeletal warrior
 13577 | D:10     | Reached XP level 10. HP: -8/43 MP: 12/18
 14097 | D:10     | Reached skill level 5 in Fighting
 14244 | D:11     | Killed a skeletal warrior
 14380 | D:11     | Noticed a death yak
 14491 | D:11     | Found a staircase to the Lair.
 14520 | D:11     | Noticed a brown ugly thing
 15226 | D:11     | Reached skill level 1 in Air Magic
 15231 | D:11     | Reached XP level 11. HP: 25/50 MP: 16/19
 17206 | D:11     | Noticed a cyan ugly thing
 17232 | D:11     | Killed a cyan ugly thing
 17232 | D:11     | Reached skill level 10 in Dodging
 17452 | D:11     | Killed a skeletal warrior
 17839 | D:11     | Killed a brown ugly thing
 17877 | D:11     | Killed a death yak
 18010 | D:12     | Found Ulloemet's General Store.
 18014 | D:12     | Bought a wand of paralysis (6) for 112 gold pieces
 18021 | D:12     | Found a gate leading to a gauntlet.
 18034 | Gauntlet | Entered a Gauntlet
 18034 | Gauntlet | Found a transporter.
 18044 | Gauntlet | Found a transporter.
 18046 | Gauntlet | Found a transporter.
 18055 | Gauntlet | Found a transporter.
 18097 | Gauntlet | Found a transporter.
 18112 | Gauntlet | Found a transporter.
 18120 | Gauntlet | Found a transporter.
 18134 | Gauntlet | Noticed a cacodemon
 18135 | Gauntlet | Found a transporter.
 18155 | Gauntlet | Found a transporter.
 18155 | Gauntlet | Noticed a hell beast
 18163 | Gauntlet | Found a large runed translucent door.
 18164 | Gauntlet | Found a large runed translucent door.
 18165 | Gauntlet | Found a large runed translucent door.
 18165 | Gauntlet | Found a large runed translucent door.
 18166 | Gauntlet | Found a runed translucent gate.
 18166 | Gauntlet | Noticed a fire crab
 18167 | Gauntlet | Found a transporter.
 18167 | Gauntlet | Found a runed translucent gate.
 18168 | Gauntlet | Found a runed translucent gate.
 18169 | Gauntlet | Found a large runed translucent door.
 18169 | Gauntlet | Found a large runed translucent door.
 18170 | Gauntlet | Found a large runed translucent door.
 18171 | Gauntlet | Found a large runed translucent door.
 18179 | Gauntlet | Found a transporter.
 18191 | Gauntlet | Found a transporter.
 18191 | Gauntlet | Noticed a reaper
 18203 | Gauntlet | Found a transporter.
 18203 | Gauntlet | Noticed a dire elephant
 18208 | Gauntlet | Found a transporter.
 18208 | Gauntlet | Found a transporter.
 18280 | Gauntlet | Found a transporter.
 18285 | Gauntlet | Found a large runed translucent door.
 18286 | Gauntlet | Found a large runed translucent door.
 18287 | Gauntlet | Found a transporter.
 18297 | Gauntlet | Found a large runed translucent door.
 18297 | Gauntlet | Found a large runed translucent door.
 18303 | Gauntlet | Found a large runed translucent door.
 18303 | Gauntlet | Found a large runed translucent door.
 18303 | Gauntlet | Found a runed translucent door.
 18303 | Gauntlet | Found a runed translucent door.
 18356 | Gauntlet | Got a flickering golden ring
 18388 | Gauntlet | Identified the ring "Goles" {rC- rN+ rCorr Dex+7} (You
                  | found it in a Gauntlet)
 18420 | Gauntlet | Noticed a minotaur
 18515 | Gauntlet | Killed a minotaur
 18808 | D:12     | Found a flagged portal.
 18817 | Bailey   | Entered a bailey
 18930 | Bailey   | Reached skill level 13 in Unarmed Combat
 19261 | D:12     | Noticed a cyan ugly thing
 19268 | D:12     | Killed a cyan ugly thing
 19268 | D:12     | Gained mutation: Your thick and shaggy fur keeps you warm.
                  | (AC +3, rC+) [Felid growth]
 19268 | D:12     | Reached XP level 12. HP: 54/54 MP: 20/20
 19275 | D:12     | Found a shadowy altar of Dithmenos.
 19567 | D:12     | Learned a level 1 spell: Apportation
 19569 | D:12     | Learned a level 1 spell: Animate Skeleton
 19797 | D:13     | Noticed Frances
 19819 | D:13     | Killed Frances
 19819 | D:13     | Reached skill level 14 in Unarmed Combat
 19962 | D:13     | Noticed Josephine
 20009 | D:13     | Killed Josephine
 20035 | D:13     | Noticed a rakshasa
 20035 | D:13     | Noticed a death knight
 20053 | D:13     | Killed a rakshasa
 20117 | D:13     | Killed a death knight
 20117 | D:13     | Reached skill level 15 in Unarmed Combat
 20188 | D:13     | HP: 2/54 [cyan ugly thing (10)]
 20188 | D:13     | Mangled by a cyan ugly thing
 20189 | D:13     | Reached XP level 11. HP: -12/50 MP: 18/19
 20401 | D:13     | Killed a cyan ugly thing
 20410 | D:13     | Noticed an unseen horror
 20412 | D:13     | Killed an unseen horror
 20419 | D:13     | Noticed a centaur warrior
 20423 | D:13     | Killed a centaur warrior
 20519 | D:13     | Found Ilisoj's Antique Armour Shoppe.
 20591 | D:13     | Reached XP level 12. HP: 54/54 MP: 18/20
 20770 | D:13     | Noticed a two-headed ogre
 20784 | D:13     | Killed a two-headed ogre
 20814 | D:13     | Noticed a centaur warrior
 21154 | D:13     | Killed a centaur warrior
 21164 | D:13     | Reached skill level 16 in Unarmed Combat
 22113 | D:14     | Found a shimmering altar of Xom.
 22113 | D:14     | Found a shimmering altar of Xom.
 22113 | D:14     | Found a shimmering altar of Xom.
 22113 | D:14     | Found a shimmering altar of Xom.
 22113 | D:14     | Found a shimmering altar of Xom.
 22256 | D:14     | Noticed a six-headed hydra
 22290 | D:14     | Learned a level 4 spell: Airstrike
 22304 | D:14     | Found a gate to the Vaults.
 22306 | D:14     | Killed a six-headed hydra
 22544 | D:14     | Noticed a centaur warrior
 22556 | D:14     | Killed a centaur warrior
 22614 | D:14     | Reached skill level 5 in Air Magic
 23158 | Lair:1   | Entered Level 1 of the Lair of Beasts
 23893 | Lair:1   | Reached XP level 13. HP: 59/59 MP: 18/22
 25731 | Lair:3   | Reached skill level 10 in Stealth
 26502 | Lair:4   | Found a staircase to the Snake Pit.
 27794 | Lair:4   | HP: 2/60 [catoblepas/blast of calcifying dust (7)]
 27798 | Lair:4   | Killed from afar by a catoblepas
 27799 | Lair:4   | Reached XP level 12. HP: -6/57 MP: 13/22
 27799 | Lair:4   | Upgraded the game from 0.24-a0-520-g8fd06ad0bc to
                  | 0.25-a0-156-g0c4bda3fdf
 27799 | Lair:4   | Upgraded the game from 0.25-a0-156-g0c4bda3fdf to
                  | 0.25-a0-265-g7af84ae0ac
 28022 | Lair:4   | Slain by a catoblepas
 28023 | Lair:4   | Reached XP level 11. HP: -1/53 MP: 13/21
 28089 | Snake:1  | Entered Level 1 of the Snake Pit
 28090 | Snake:1  | Found Ipaer's Assorted Antiques.
 28095 | Snake:1  | Bought an amethyst potion for 27 gold pieces
 28095 | Snake:1  | Bought a potion of curing for 93 gold pieces
 28095 | Snake:1  | Bought a scroll labeled ZOECIG QEOR for 31 gold pieces
 28095 | Snake:1  | Bought a glass ring for 155 gold pieces
 28095 | Snake:1  | Bought a grey potion for 27 gold pieces
 28095 | Snake:1  | Bought a scroll of identify for 62 gold pieces
 28103 | Snake:1  | Got an ancient lead amulet
 28105 | Snake:1  | Identified the amulet of the Saviour {RegenMP MR+ Dex+4}
                  | (You acquired it on level 1 of the Snake Pit)
 28745 | Lair:5   | Found a viscous altar of Jiyva.
 28746 | Lair:5   | Found a staircase to the Slime Pits.
 28838 | Lair:5   | Became a worshipper of Jiyva Jeprogen the Shapeless
 28874 | Lair:6   | Entered Level 6 of the Lair of Beasts
 28877 | Lair:6   | Noticed a seven-headed hydra
 28883 | Lair:6   | Killed a seven-headed hydra
 29017 | Lair:6   | Found a runed translucent door.
 29018 | Lair:6   | Noticed a wolf spider
 29020 | Lair:6   | Noticed Borgoz's ghost (journeyman GrFi)
 29103 | Lair:6   | Reached XP level 12. HP: 48/57 MP: 9/23
 29272 | Lair:6   | Learned a level 5 spell: Blade Hands
 29325 | Lair:6   | Reached skill level 1 in Transmutations
 29534 | Lair:6   | Noticed a fire dragon
 30232 | Lair:6   | Killed a fire dragon
 30478 | Snake:1  | Found Milethy's Antique Armour Emporium.
 30649 | Snake:1  | Noticed an anaconda
 30652 | Snake:1  | Found Irakhlimm's General Store.
 30656 | Snake:1  | Killed an anaconda
 30656 | Snake:1  | Reached skill level 5 in Transmutations
 30687 | Snake:1  | Bought a potion of heal wounds for 70 gold pieces
 30736 | Snake:1  | Found Ruavoelo's Assorted Antiques.
 30744 | Snake:1  | Bought a potion of haste for 250 gold pieces
 30744 | Snake:1  | Bought a scroll of fear for 87 gold pieces
 30744 | Snake:1  | Bought a scroll of immolation for 87 gold pieces
 30748 | Snake:1  | Noticed a naga warrior
 30805 | Snake:1  | Noticed a naga warrior
 30810 | Snake:1  | Killed a naga warrior
 30817 | Snake:1  | Found Ompoc's Antique Weapon Shoppe.
 30876 | Snake:2  | Noticed a naga warrior
 30877 | Snake:2  | Killed a naga warrior
 31050 | Snake:2  | Found a frozen archway.
 31075 | IceCv    | Entered an ice cave
 31974 | IceCv    | Reached XP level 13. HP: 60/60 MP: 25/25
 32194 | IceCv    | Reached * piety under Jiyva
 32397 | IceCv    | Noticed an Ice Fiend
 32453 | IceCv    | Killed an Ice Fiend
 33021 | Orc:1    | Entered Level 1 of the Orcish Mines
 33034 | Orc:1    | Found a runed translucent door.
 33034 | Orc:1    | Noticed Raoxzot's ghost (journeyman DsBe)
 33398 | D:10     | Reached ** piety under Jiyva
 33718 | Orc:2    | Entered Level 2 of the Orcish Mines
 33718 | Orc:2    | Noticed a stone giant
 33745 | Orc:1    | Killed a stone giant
 34416 | Orc:2    | Reached *** piety under Jiyva
 34416 | Orc:2    | Gained mutation: You are covered in slimy tendrils that may
                  | disarm your opponents. [Jiyva's grace]
 34426 | Orc:2    | Found Nuneck's General Store.
 34426 | Orc:2    | Found Tomme's Book Boutique.
 34454 | Orc:2    | Bought a scroll of blinking for 97 gold pieces
 34454 | Orc:2    | Bought a wand of enslavement (10) for 156 gold pieces
 34454 | Orc:2    | Bought a potion of invisibility for 104 gold pieces
 34456 | Orc:2    | Reached **** piety under Jiyva
 34460 | Orc:2    | Gained mutation: Your body has grown golden eyes which may
                  | confuse attackers. (Acc +3) [Jiyva's grace]
 34481 | Orc:2    | Found a roughly hewn altar of Beogh.
 34494 | Orc:2    | Reached ***** piety under Jiyva
 34495 | Orc:2    | Found Igacraut's Magic Scroll Shoppe.
 34495 | Orc:2    | Found Xoegy's Food Boutique.
 34496 | Orc:2    | Gained mutation: Your spells are a little easier to cast,
                  | but a little less powerful. [Jiyva's grace]
 34502 | Orc:2    | Bought a scroll of teleportation for 42 gold pieces
 34502 | Orc:2    | Bought a scroll of teleportation for 42 gold pieces
 34502 | Orc:2    | Bought a scroll of teleportation for 42 gold pieces
 34502 | Orc:2    | Bought a scroll of immolation for 49 gold pieces
 34518 | Orc:2    | Found a staircase to the Elven Halls.
 34544 | Orc:2    | Gained mutation: Your translucent skin slightly reduces
                  | your foes' accuracy. (Stealth) [Jiyva's grace]
 34654 | Orc:2    | Found Kaossakisch's Food Emporium.
 34703 | Orc:2    | Found Xelul's Food Boutique.
 35111 | D:10     | Reached ****** piety under Jiyva
 35133 | D:10     | Lost mutation: You are covered in slimy tendrils that may
                  | disarm your opponents. [Jiyva's grace]
 35293 | Orc:2    | Bought a book of Party Tricks for 900 gold pieces
 35295 | Orc:2    | Learned a level 1 spell: Summon Butterflies
 35601 | Slime:1  | Entered Level 1 of the Pits of Slime
 35608 | Slime:1  | Noticed an azure jelly
 35617 | Slime:2  | Noticed an acid blob
 35621 | Slime:2  | Noticed an azure jelly
 35626 | Slime:3  | Noticed Dissolution
 35639 | Slime:3  | Noticed an acid blob
 35646 | Slime:4  | Noticed a death ooze
 35649 | Slime:5  | Entered Level 5 of the Pits of Slime
 35649 | Slime:5  | Noticed an acid blob
 35653 | Slime:5  | Gained mutation: You expend magic power (3 MP) to
                  | strengthen your wands. [Jiyva's grace]
 35659 | Slime:5  | Lost mutation: Your spells are a little easier to cast, but
                  | a little less powerful. [Jiyva's grace]
 35663 | Slime:5  | Gained mutation: You have a small jelly attached to you
                  | that may absorb incoming projectiles. [Jiyva's grace]
 35665 | Slime:5  | Found a viscous altar of Jiyva.
 35668 | Slime:5  | Noticed an acid blob
 35671 | Slime:5  | Noticed an acid blob
 35672 | Slime:5  | Identified Sif Muna's Guide on Icy Moulding
 35673 | Slime:5  | Gained mutation: You have an increased reservoir of magic.
                  | (+10% MP) [Jiyva's grace]
 35676 | Slime:5  | Noticed an acid blob
 35676 | Slime:5  | Noticed an acid blob
 35677 | Slime:5  | Noticed the Royal Jelly
 35677 | Slime:5  | Noticed an azure jelly
 35677 | Slime:5  | Noticed an acid blob
 35681 | Slime:5  | Got a slimy rune of Zot
 35729 | Slime:5  | Noticed an acid blob
 35757 | Slime:2  | Noticed an acid blob
 35909 | Lair:2   | Found a staircase to the Shoals.
 35927 | Shoals:1 | Entered Level 1 of the Shoals
 35934 | Shoals:1 | Reached skill level 10 in Fighting
 36921 | Shoals:1 | Slain by a faun

Levels and vault maps discovered:
D:1:      dpeg_arrival_tiny_a, layout_loops_ring
D:2:      layout_rooms, first_ration
D:3:      layout_rooms, st_stairs_8, hangedman_abyss_or_decor_lesser_grid
D:4:      layout_basic, minmay_temple_entry_slanted, minmay_quadrilaterals
D:5:      layout_rooms, lightli_corner_chamber
D:6:      layout_basic, enter_ossuary_2
D:7:      layout_basic
D:8:      layout_rooms, lemuel_doored_altar, minmay_fountain_box,
          hangedman_little_slice_of_home, roderic_serpentine_path,
          uniq_prince_ribbit1, uniq_harold
D:9:      lemuel_ice_spiral_2, layout_irregular_city, uniq_grum, uniq_gastronok,
          uniq_joseph
D:10:     layout_loops_ring, erik_orc_1, fedhas_bush_and_centaur_altar
D:11:     layout_irregular_city, david_lair_generic, minmay_shop_mayhem,
          kennysheep_boxes
D:12:     layout_stronghold, enter_bailey_2, serial_shops, shop_fountains,
          gauntlet_entry_generic, nicolae_dithmenos_the_darkroom
D:13:     layout_roguey, serial_shops, nicolae_shop_behind_doors,
          uniq_josephine, uniq_frances
D:14:     layout_basic, erik_vaults_1, minivault_27, xom_shifter_show
Temple:   nicolae_temple_the_god_donut
Lair:1:   layout_roguey, serial_bayou_crossing
Lair:2:   layout_gridlike, elwin_shoals_entry_rooms, minmay_lair_oklob_bushes
Lair:3:   layout_gridlike
Lair:4:   layout_layer_cave, dummy_snake_entry, grunt_megastairs_2
Lair:5:   layout_regular_city, slime_altar_1, lemuel_fruit_fields
Lair:6:   guppyfry_lair_end_dragon, layout_gridlike, ebering_ghost_inner_flame
Shoals:1: layout_shoals
Snake:1:  layout_layer_cave, serial_shops, shop, nicolae_shop_behind_doors,
          shop_fountains, shop_fountains, shop
Snake:2:  layout_gridlike, portal_ice_cave_entry_frozen_things,
          gammafunk_ghost_necromancy, drop_trap, grunt_ministairs_7,
          hangedman_snake_wide_pillar_pass
Slime:1:  cheibrodos_slime_lost_civilization_9, layout_caves
Slime:2:  layout_caves
Slime:3:  layout_caves, dissolution_awaits
Slime:4:  layout_caves
Slime:5
Orc:1:    layout_caves, gammafunk_ghost_grave
Orc:2:    st_orc_town, layout_caves, serial_shops, shop, shop

Skill      XL: |  1  2  3  4  5  6  7  8  9 10 11 12 13 |
---------------+----------------------------------------+-----
Unarmed Combat | 3 4 5 6 7 10 11 12 13 16 | 16.3
Hexes          | 1 4 |  4.0
Stealth        | 3 5 12 | 12.2
Fighting       | 3 7 4 8 11 | 11.0
Dodging        | 4 6 7 13 14 | 14.4
Evocations     | 4 |  4.1
Summonings     | 3 |  3.8
Spellcasting   | 3 5 7 6 |  7.5
Air Magic      | 1 2 6 |  6.2
Transmutations | 6 |  6.0
Translocations | |  4.4

Action                   |  1- 3 |  4- 6 |  7- 9 | 10-12 | 13-15 || total
-------------------------+-------+-------+-------+-------+-------++-------
Melee: Unarmed           |   126 |   138 |   325 |  1365 |   405 ||  2359
       Bite              |    10 |    13 |    50 |   203 |    52 ||   328
       Punch             |     3 |     5 |    21 |    98 |    34 ||   161
 Cast: Shroud of Golubri |     7 |    14 |    28 |   111 |    36 ||   196
       Confusing Touch   |       |     7 |    40 |   197 |    56 ||   300
       Confuse           |       |     2 |     8 |     9 |       ||    19
       Blink             |       |       |       |    53 |     9 ||    62
       Call Canine Famil |       |       |       |    19 |     9 ||    28
       Summon Lightning  |       |       |       |    45 |    44 ||    89
       Animate Skeleton  |       |       |       |    43 |    41 ||    84
       Airstrike         |       |       |       |    14 |    20 ||    34
       Blade Hands       |       |       |       |     4 |     5 ||     9
       Apportation       |       |       |       |       |     5 ||     5
Invok: Slimify           |       |       |       |       |     1 ||     1
 Abil: End Transformatio |       |       |       |     1 |     1 ||     2
Evoke: Wand              |       |       |       |    38 |    14 ||    52
       Sack of spiders   |       |       |       |     2 |     1 ||     3
       Phial of floods   |       |       |       |     1 |     1 ||     2
  Use: Potion            |       |     3 |     1 |     9 |     2 ||    15
       Scroll            |       |     2 |    11 |    23 |    10 ||    46
 Stab: Sleeping          |     5 |     5 |     9 |    32 |    25 ||    76
       Confused          |       |     5 |    24 |   139 |    42 ||   210
       Distracted        |       |       |     2 |    14 |     8 ||    24
       Paralysed         |       |       |       |     3 |     1 ||     4
  Eat: Chunk             |    10 |     6 |     9 |    69 |    21 ||   115
       Ration            |       |       |       |       |     1 ||     1
Armor: Skin              |     5 |     2 |     6 |    43 |     3 ||    59
Dodge: Dodged            |    66 |    76 |   141 |   956 |   303 ||  1542
Block: Other             |       |       |       |   187 |    39 ||   226
       Reflection        |       |       |       |    19 |       ||    19

Table legend:
 A = Non-vault XP
 B = Vault XP
 C = Vault XP percentage of total XP
 D = Non-vault monster count
 E = Vault monster count
 F = Vault count percentage of total count
                 A         B        C        D         E       F
            +---------+---------+-------+---------+---------+-------
      Total |   90943 |   31222 |  25.6 |     579 |     198 |  25.5
            +---------+---------+-------+---------+---------+-------
        D:1 |      40 |       0 |   0.0 |      20 |       0 |   0.0
        D:2 |      51 |       0 |   0.0 |      19 |       0 |   0.0
        D:3 |      43 |       2 |   4.4 |      15 |       1 |   6.2
        D:4 |     243 |     126 |  34.1 |       8 |       2 |  20.0
        D:5 |     686 |       0 |   0.0 |      16 |       0 |   0.0
        D:6 |     845 |       0 |   0.0 |      26 |       0 |   0.0
        D:7 |     760 |       0 |   0.0 |      12 |       0 |   0.0
        D:8 |    1474 |    1402 |  48.7 |      13 |       3 |  18.8
        D:9 |    3657 |     540 |  12.9 |      38 |       2 |   5.0
       D:10 |    3734 |     681 |  15.4 |      32 |      18 |  36.0
       D:11 |    8008 |    1109 |  12.2 |      73 |       4 |   5.2
       D:12 |    4540 |       0 |   0.0 |      38 |       0 |   0.0
       D:13 |   11772 |    4073 |  25.7 |      44 |       6 |  12.0
       D:14 |    7099 |    1630 |  18.7 |      20 |       2 |   9.1
     Lair:1 |    3129 |       0 |   0.0 |      20 |       0 |   0.0
     Lair:2 |    5810 |     776 |  11.8 |      27 |       2 |   6.9
     Lair:3 |    6165 |       0 |   0.0 |      24 |       0 |   0.0
     Lair:4 |    2388 |    1771 |  42.6 |      11 |       5 |  31.2
     Lair:5 |    1827 |       0 |   0.0 |       8 |       0 |   0.0
     Lair:6 |    8689 |    2072 |  19.3 |      39 |       8 |  17.0
   Shoals:1 |    9649 |       0 |   0.0 |      26 |       0 |   0.0
    Snake:1 |    2705 |       0 |   0.0 |       9 |       0 |   0.0
    Snake:2 |    1092 |       0 |   0.0 |       2 |       0 |   0.0
      Orc:1 |    2266 |     667 |  22.7 |      11 |       2 |  15.4
      Orc:2 |    4271 |    4070 |  48.8 |      28 |      51 |  64.6
    Ossuary |       0 |     792 | 100.0 |       0 |      31 | 100.0
     Bailey |       0 |     895 | 100.0 |       0 |      32 | 100.0
      IceCv |       0 |    8006 | 100.0 |       0 |      22 | 100.0
   Gauntlet |       0 |    2610 | 100.0 |       0 |       7 | 100.0
            +---------+---------+-------+---------+---------+-------
